 Dungeon Crawl Stone Soup version 0.17.0-28-g6e173f8 (webtiles) character file.

558 4thArraOfDagon the Chopper (level 7, -1/93 HPs)
             Began as a Minotaur Berserker on Nov 22, 2015.
             Was a Believer of Trog.
             Slain by a gnoll
             ... wielding a +0 halberd of electrocution
              (8 damage)
             ... in a bailey.
             The game lasted 00:05:55 (1008 turns).

4thArraOfDagon the Chopper (Minotaur Berserker)     Turns: 1008, Time: 00:05:55

Health: -1/93      AC: 12    Str: 26    XL:     7   Next: 9%
Magic:  6/6        EV:  8    Int:  6    God:    Trog [**....]
Gold:   166        SH:  0    Dex: 10    Spells: 0 memorised, 6 levels left

rFire  . . .     SeeInvis .     s - +2 battleaxe
rCold  . . .     Clarity  .     n - +0 plate armour
rNeg   . . .     SustAt   .     (shield currently unavailable)
rPois  .         Gourm    .     (helmet restricted)
rElec  .         Spirit   .     (no cloak)
rCorr  .         Warding  .     (no gloves)
rMut   .         Stasis   .     (no boots)
MR     +++..                    (no amulet)
Stlth  ..........               (no ring)
                                f - ring of protection from magic

@: berserking, regenerating, very quick, extremely resistant to hostile
enchantments, extremely unstealthy
A: retaliatory headbutt, horns 2
a: Berserk, Trog's Hand, Burn Spellbooks, Renounce Religion


You were in a bailey.
You worshipped Trog.
Trog was pleased with you.
You were not hungry.

You visited 1 branch of the dungeon, and saw 9 of its levels.
You also visited: Bailey.

You collected 166 gold pieces.

Inventory:

Hand Weapons
 s - a +2 battleaxe (weapon)
Armour
 n - a +0 plate armour (worn)
 o - the cursed +0 leather armour of Vlad {Stlth+, unknown}
   (You found it on level 5 of the Dungeon)

   It makes you more stealthy.
   It has a curse placed upon it.
 q - a +1 shield of protection
Jewellery
 f - a ring of protection from magic (left hand)
Wands
 k - a wand of random effects (35)
Scrolls
 j - a scroll of remove curse
Potions
 a - 3 potions of curing {unknown}
 d - a potion of heal wounds {unknown}
 e - 2 potions of flight {unknown}
 i - a potion of agility {unknown}
Books
 t - a book of Envenomations

   Spells                             Type                      Level
   a - Spider Form                    Transmutation/Poison         3
   b - Alistair's Intoxication        Transmutation/Poison         4
   c - Olgreb's Toxic Radiance        Poison                       4
   d - Poisonous Cloud                Conjuration/Poison/Air       6
   Trog disapproves of the use of such an item.
Comestibles
 b - 5 chunks of flesh
 c - 3 bread rations
 g - a beef jerky
 h - 2 royal jellies
 r - a meat ration


   Skills:
 + Level 5.7 Fighting
 * Level 7.4 Axes
 + Level 5.0 Armour
 - Level 2.1 Dodging


You had 6 spell levels left.
You didn't know any spells.

Dungeon Overview and Level Annotations

Branches:
Dungeon (9/15)             Temple (0/1) D:5            Lair (0/8) D:8
    Orc: D:9-12

Altars:
Ashenzari
The Shining One


Innate Abilities, Weirdness & Mutations

You reflexively headbutt those who attack you in melee.
You have a pair of horns on your head.


Message History

You are electrocuted!
The gnoll hits you from afar with a halberd of electrocution.
Unknown command.
A red film seems to cover your vision as you go berserk!
You feel yourself moving faster!
You feel mighty!
You feel somewhat more hungry. The gnoll barely misses you.
Unknown command.
Your plate armour prevents you from hitting the gnoll.
Your headbutt misses the gnoll. The gnoll hits you but does no damage.
The gnoll hits you with a halberd of electrocution!
* * * LOW HITPOINT WARNING * * *
You are electrocuted!
* * * LOW HITPOINT WARNING * * *
Unknown command.
You slice the gnoll!!
You kill the gnoll!
Trog accepts your kill.
Your Armour skill increases to level 5!
The gnoll hits you from afar with a halberd of electrocution!
You die... ### ### ##### #∩###.###gK(# ##(##'##g###'# ##(((@)## #.g ###((...### Kg..

#.'..∩..'.#
g⌠..'
###.....###
....#
#.....#
...#
#'##'##+
'##' #.#
#.# ## ###


You could see a gnoll, a hobgoblin and a kobold.

Vanquished Creatures
  A black bear (D:8)
  A phantom (D:9)
  3 wights (D:8)
  A giant frog zombie (D:8)
  An orc wizard (D:8)
  An orc priest (D:5)
  A giant frog skeleton (D:8)
  3 gnolls (Bailey)
  2 worker ant zombies (D:7)
  2 adders
  2 giant geckos
  11 orcs
  6 bats
  A giant cockroach (D:1)
  8 hobgoblins
  2 jackals (D:3)
  4 kobolds
  A ball python (D:2)
  2 giant newts
  2 goblins (D:2)
  A rat (D:1)
56 creatures vanquished.

Notes
Turn   | Place    | Note
--------------------------------------------------------------
     0 | D:1      | 4thArraOfDagon the Minotaur Berserker began the quest for the Orb.
     0 | D:1      | Reached XP level 1. HP: 19/19 MP: 0/0
    54 | D:1      | Reached skill level 4 in Axes
   304 | D:1      | Reached XP level 2. HP: 26/26 MP: 1/1
   457 | D:3      | Reached XP level 3. HP: 19/33 MP: 2/2
   475 | D:3      | Reached ** piety under Trog
   497 | D:3      | You fall through a shaft!
   528 | D:5      | Entered Level 5 of the Dungeon
   547 | D:5      | Reached skill level 5 in Axes
   550 | D:5      | Reached XP level 4. HP: 33/40 MP: 3/3
   558 | D:5      | Got a spiked leather armour
   574 | D:5      | Found a staircase to the Ecumenical Temple.
   752 | D:8      | Reached XP level 5. HP: 47/47 MP: 4/4
   756 | D:8      | Reached skill level 6 in Axes
   757 | D:8      | Reached skill level 5 in Fighting
   759 | D:8      | Reached XP level 6. HP: 42/56 MP: 5/5
   793 | D:8      | Found a staircase to the Lair.
   804 | D:8      | Noticed a black bear
   810 | D:8      | Killed a black bear
   852 | D:8      | Found a shattered altar of Ashenzari.
   852 | D:8      | Found a glowing golden altar of the Shining One.
   910 | D:9      | Reached skill level 7 in Axes
   934 | D:9      | Found a flagged portal.
   938 | D:9      | Reached XP level 7. HP: 62/62 MP: 6/6
   947 | Bailey   | Entered a bailey
  1008 | Bailey   | Reached skill level 5 in Armour
  1008 | Bailey   | Slain by a gnoll

Action                   |  1- 3 |  4- 6 |  7- 9 || total
-------------------------+-------+-------+-------++-------
Melee: Hand axe          |    37 |    25 |       ||    62
       Battleaxe         |       |    17 |    18 ||    35
Invok: Berserk           |     2 |     3 |     1 ||     6
       Trog's Hand       |       |     3 |     1 ||     4
  Use: Scroll            |       |     5 |       ||     5
  Eat: Chunk             |       |     6 |       ||     6
